AoeStats
← Elitenoob3

Arabia

506085668Analyzed
1v1 RM · 21d ago on Sep 12, 2026· 29m 16s· 2 players
Game mode
Random Map
Map size
Tiny (2 player)
Population
200
Speed
Normal
Resources
Standard
Victory
Conquest
Starting age
Dark Age
Ending age
Imperial Age
RankedLock teamsTeams togetherTeam positionsShared explorationLock speedFull tech treeHidden civsTurbo modeCheats
Victory
Defeat
🇩🇪 Khmer · Germany
500
+16
🇷🇴 Burgundians · Romania
508
-16
tiny_tree
8:34 Loom
10:52 Feudal Age
11:36 Horse Collar
14:08 Scale Barding Armor
14:55 Forging
23:04 Castle Age
24:56 Crossbowman
26:00 Fletching
26:31 Loom
26:45 Double-Bit Axe
27:24 Bodkin Arrow
Elitenoob3
3:42 Loom
5:58 Wheelbarrow
8:03 Wheelbarrow
7:25 Double-Bit Axe
10:59 Feudal Age
9:59 Horse Collar
14:48 Town Watch
19:52 Bow Saw
20:06 Gold Mining
22:50 Forging
24:32 Hand Cart
24:26 Scale Barding Armor
25:54 Heavy Plow
26:00 Scale Mail Armor
30:51 Castle Age
Connection lost

Rejoining the realm…

Still unreachable

The connection could not be restored.

Session expired

The server has moved on; the page needs a fresh start.